 Dungeon Crawl Stone Soup version 0.30-a0-371-gad7725a93e (webtiles) character file.

Game seed: 7667910700022115200

76472 mitko27butlikefrench the Warrior (level 15, -17/126 HPs)
             Began as an Octopode Brigand on Nov 21, 2022.
             Was a High Priest of Ashenzari.
             Demolished by a skeletal warrior
             ... wielding a +2 long sword of venom
             ... led by a death knight
              (20 damage)
             ... on level 13 of the Dungeon.
             The game lasted 02:17:18 (22760 turns).

mitko27butlikefrench the Warrior (OpBr)            Turns: 22760, Time: 02:17:19

Health: -17/126    AC:  3    Str: 12    XL:     15   Next: 53%
Magic:  35/38      EV: 37    Int: 13    God:    Ashenzari [*****.]
Gold:   1314       SH: 20    Dex: 38    Spells: 20/34 levels left

rFire   . . .      SeeInvis +    p - +2 dagger (speed)
rCold   + . .      Faith    .    n - +0 kite shield of Apeoromancy {Evo, Cun} (curse)
rNeg    + . .      Spirit   .    T - +2 hat of Ashenzari's Monotheism {Will+, Self, Fort} (curse)
rPois   .          Reflect  .    F - amulet of Ashenzari's Adversity {Regen+, Melee, Self} (curse)
rElec   .          Harm     .    q - ring of the Unyielding Gaze {Wiz, Evo, Fort} (curse)
rCorr   +          Rampage  .    e - ring of Panopticon {Slay+4, Range, Cun} (curse)
Will    +++..      Clarity  +    f - ring "Ruined Visionary" {rN+, Comp, Bglg} (curse)
Stlth   ++++++++..               C - ring of the Bound Incredulity {Dex+6, Evo, Range} (curse)
HPRegen 1.21/turn                H - ring of Ashenzari's Mutualism {Dex+6, Comp, Evo} (curse)
MPRegen 0.26/turn                Z - ring of the Clairvoyant Levity {Dex+6, Fort, Self} (curse)
                                 a - ring of the Shackled Sybil {Will+ rCorr MP+9 Slay+5, Fort, Cun} (curse)
                                 N - ring of the Ruined Adversity {rC+, Evo, Bglg} (curse)

@: lethally poisoned (-17 -> -30), about to teleport, slowed, studying Dodging,
very slow
A: almost no armour, amphibious, 8 rings, camouflage 1, gelatinous body 1,
(nimble swimmer 1), tentacles
a: Renounce Religion, Curse Item, Shatter the Chains


You were on level 13 of the Dungeon.
You worshipped Ashenzari.
Ashenzari was extremely pleased with you.
You visited 3 branches of the dungeon, and saw 20 of its levels.
You also visited: Bailey.

You collected 2495 gold pieces.
You spent 1181 gold pieces at shops.

Inventory:

Hand Weapons
 p - a +2 dagger of speed (weapon)
 V - a +2 short sword
Missiles
 b - 32 poisoned darts
 c - a curare-tipped dart
 d - 4 javelins
 o - a throwing net
 s - 2 datura-tipped darts
 u - 2 atropa-tipped darts
Armour
 n - the cursed +0 kite shield of Apeoromancy (worn) {Evo, Cun}
   (You found it on level 2 of the Dungeon)

   It has a curse which improves the following skills: Evocations: Evocations.
   Cunning:   Dodging and Stealth.
 T - the cursed +2 hat of Ashenzari's Monotheism (worn) {Will+, Self, Fort}
   (You took it off Gastronok on level 2 of the Lair of Beasts)

   It has a curse which improves the following skills: Introspection: Fighting
   and Spellcasting.
   Fortitude: Shields.
Jewellery
 a - the cursed ring of the Shackled Sybil (on tentacle) {Will+ rCorr MP+9 Slay+5, Fort, Cun}
   (You bought it in a shop on level 2 of the Orcish Mines)

   [ring of magical power]

   Slay:      It affects your accuracy & damage with ranged weapons and melee
   (+5).
   MP:        It affects your magic capacity (+9).
   rCorr:     It protects you from acid and corrosion.
   Will:      It increases your willpower.
   It has a curse which improves the following skills: Fortitude: Shields.
   Cunning:   Dodging and Stealth.
 e - the cursed ring of Panopticon (right tentacle) {Slay+4, Range, Cun}
   (You found it on level 1 of the Dungeon)

   [ring of slaying]

   Slay:      It affects your accuracy & damage with ranged weapons and melee
   (+4).
   It has a curse which improves the following skills: Ranged Combat: Ranged
   Weapons and Throwing.
   Cunning:   Dodging and Stealth.
 f - the cursed ring "Ruined Visionary" (on tentacle) {rN+, Comp, Bglg}
   (You found it on level 1 of the Dungeon)

   [ring of positive energy]

   rN:        It protects you from negative energy.
   It has a curse which improves the following skills: Companions: Summonings
   and Necromancy.
   Beguiling: Conjurations, Hexes and Translocations.
 q - the cursed ring of the Unyielding Gaze (left tentacle) {Wiz, Evo, Fort}
   (You found it on level 12 of the Dungeon)

   [ring of wizardry]

   It improves your spell success rate.
   It has a curse which improves the following skills: Evocations: Evocations.
   Fortitude: Shields.
 C - the cursed ring of the Bound Incredulity (on tentacle) {Dex+6, Evo, Range}
   (You found it on level 5 of the Dungeon)

   [ring of dexterity]

   Dex:       It affects your dexterity (+6).
   It has a curse which improves the following skills: Evocations: Evocations.
   Ranged Combat: Ranged Weapons and Throwing.
 F - the cursed amulet of Ashenzari's Adversity (around mantle) {Regen+, Melee, Self}
   (You found it on level 6 of the Dungeon)

   [amulet of regeneration]

   Regen:     It increases your rate of health regeneration.
   It has a curse which improves the following skills: Melee Combat: Short
   Blades, Long Blades, Axes, Maces & Flails, Polearms, Staves and Unarmed
   Combat.
   Introspection: Fighting and Spellcasting.
 H - the cursed ring of Ashenzari's Mutualism (on tentacle) {Dex+6, Comp, Evo}
   (You found it on level 7 of the Dungeon)

   [ring of dexterity]

   Dex:       It affects your dexterity (+6).
   It has a curse which improves the following skills: Companions: Summonings
   and Necromancy.
   Evocations: Evocations.
 N - the cursed ring of the Ruined Adversity (on tentacle) {rC+, Evo, Bglg}
   (You found it on level 12 of the Dungeon)

   [ring of protection from cold]

   rC:        It protects you from cold.
   It has a curse which improves the following skills: Evocations: Evocations.
   Beguiling: Conjurations, Hexes and Translocations.
 Z - the cursed ring of the Clairvoyant Levity (on tentacle) {Dex+6, Fort, Self}
   (You found it on level 8 of the Dungeon)

   [ring of dexterity]

   Dex:       It affects your dexterity (+6).
   It has a curse which improves the following skills: Fortitude: Shields.
   Introspection: Fighting and Spellcasting.
Wands
 g - a wand of paralysis (8)
 G - a wand of light (21) (quivered)
 S - a wand of mindburst (18)
Scrolls
 h - a scroll of fear
 i - 5 scrolls of vulnerability
 j - 2 scrolls of poison
 l - 5 scrolls of butterflies
 m - 7 scrolls of teleportation
 r - 3 scrolls of enchant armour
 y - 8 scrolls of enchant weapon
 A - 4 scrolls of summoning
 D - 2 scrolls of silence
 P - 4 scrolls of amnesia
 Q - a scroll of immolation
 R - 2 scrolls of blinking
 W - a scroll of magic mapping
Potions
 k - 9 potions of curing
 t - 2 potions of lignification
 v - 6 potions of brilliance
 w - 2 potions of haste
 x - 3 potions of flight
 z - 4 potions of mutation
 B - 4 potions of attraction
 E - a potion of magic
 I - 5 potions of cancellation
 J - 3 potions of invisibility
 K - a potion of might
 L - 2 potions of heal wounds
 X - 2 potions of resistance
 Y - 6 potions of ambrosia
Miscellaneous
 M - a tin of tremorstones (1/2)
 U - a phial of floods


   Skills:
 * Level 15.4(19.8) Fighting
 - Level 9.0(11.3) Short Blades
 - Level 4.7(8.0) Throwing
 - Level 12.5(17.0) Dodging
 - Level 9.5(14.0) Stealth
 - Level 13.5(18.9) Shields
 - Level 5.6(10.0) Spellcasting
 - Level 3.9(7.0) Conjurations
 - Level 4.1(7.3) Hexes
 - Level 3.5(6.5) Summonings
 - Level 3.0 Ice Magic
 + Level 4.5 Earth Magic
 - Level 3.0 Poison Magic
 - Level 3.3(8.5) Evocations


You had 20 spell levels left.
You knew the following spells:

 Your Spells              Type           Power      Damage    Failure   Level
a - Call Imp              Summ           23%        N/A       1%          2
b - Mephitic Cloud        Conj/Pois/Air  15%        N/A       4%          3
c - Ensorcelled Hibernat  Hex/Ice        38%        N/A       1%          2
d - Apportation           Tloc           14%        N/A       6%          1
e - Iron Shot             Conj/Erth      10%        9d3       65%         6

Your spell library contained the following spells:

 Spells                   Type           Power      Damage    Failure   Level
 Magic Dart               Conj           96%        1d7       1%          1
 Sandblast                Erth           36%        2d10      1%          1
 Summon Small Mammal      Summ           92%        N/A       1%          1
 Stone Arrow              Conj/Erth      42%        3d9       1%          3
 Fulminant Prism          Conj/Hex       12%        3d9       3%          4
 Passwall                 Tmut/Erth      10%        N/A       4%          2
 Necrotise                Necr           28%        1d5       6%          1
 Spider Form              Tmut/Pois      10%        N/A       11%         3
 Anguish                  Hex/Necr       8%         N/A       13%         4
 Iskenderun's Mystic Bla  Conj/Tloc      16%        2d5       14%         4
 Gell's Gravitas          Tloc           7%         N/A       16%         3
 Teleport Other           Tloc           7%         N/A       16%         3
 Kindle Blastsparks       Fire/Tloc/Air  12%        2d11      19%         3
 Lee's Rapid Deconstruct  Erth           9%         3d7*      26%         5
 Yara's Violent Unravell  Hex/Tmut       8%         3d5       38%         5
 Alistair's Intoxication  Tmut/Pois      6%         N/A       65%         5
 Blade Hands              Tmut           3%         N/A       85%         5
 Enfeeble                 Hex            12%        N/A       93%         7
 Dispersal                Tloc           3%         N/A       100%        6
 Animate Armour           Summ/Erth      Unusable   N/A       N/A         4

Dungeon Overview and Level Annotations

Branches:
Dungeon (13/15)            Temple (0/1) D:5            Lair (5/5) D:9
 Shoals (0/4) Lair:2        Snake (0/4) Lair:3        Slime (0/5) Lair:4
    Orc (2/2) D:10            Elf (0/3) Orc:2        Bailey (visited)
 Vaults: D:13-14

Altars:
Ashenzari
Dithmenos
Hepliaklqana
Makhleb
Wu Jian
Yredelemnul
Jiyva

Shops:
D:5 (!*   D:6 !   D:7 (   Orc:2 ?=(!

Portals:
Hell: Lair:5

Annotations:
D:13 2 transporters, sanka's ghost, journeyman DgRe
Lair:1 1 runed translucent door, Voxish's ghost, journeyman MeFi


Innate Abilities, Weirdness & Mutations

You cannot wear most types of armour.
You are amphibious.
You can wear up to eight rings at the same time.
Your skin changes colour to match your surroundings (Stealth+).
Your rubbery body absorbs attacks. (AC +1, EV +1)
((You are camouflaged when in or above water. (Stealth+)))
You have tentacles for arms and can constrict up to eight enemies at once.


Message History

The burst of rock shards engulfs the skeletal warrior but does no damage.
The burst of rock shards engulfs the cyclops!!
The burst of rock shards engulfs the death knight!
The burst of rock shards engulfs the skeletal warrior!
The burst of rock shards engulfs the cyclops!
You kill the cyclops!
The burst of rock shards engulfs the skeletal warrior.
You hear a shout! x2
You block the wraith's attack.
The skeletal warrior hits you with a +2 long sword of venom!!
You are poisoned.
The freezing wraith hits you!
* * * LOW HITPOINT WARNING * * *
The freezing wraith freezes you! You resist.
* * * LOW HITPOINT WARNING * * *
The freezing wraith closely misses you. You block the death knight's attack.
The efreet gestures at you. The bolt of fire misses you.
That's the wrong kind of item! (Use * to select it.) Evoke which item? (* to show all) (? for menu, Esc to quit)
Okay, then.
As you read the scroll of teleportation, it crumbles to dust.
You feel strangely unstable.
* * * LOW HITPOINT WARNING * * *
You feel extremely sick. You block the wraith's attack.
The skeletal warrior completely misses you.
The freezing wraith closely misses you.
The freezing wraith completely misses you.
You block the death knight's attack. The efreet misses you.
The troll completely misses you. The troll misses you.
You block the troll's attack. The death knight completely misses you.
The efreet gestures at you. The bolt of fire misses you.
The freezing wraith misses you. The freezing wraith hits you.
* * * LOW HITPOINT WARNING * * *
The freezing wraith drains your vigour!
You feel as though you will be slow longer.
The skeletal warrior hits you with a +2 long sword of venom!!
You die...

,,, #..# , *,, ,,,
*#########..# ..* ,
* * ,,,
,...!.......# ..# ,
* , , ,
,,...........##...*
,, * ,
<,............'. *
,+,,** ,,,
,....[.......'☼ **,
* *, ,,
...........## , ,*
** , , ,
........TR.#*, , ,*
*** , .......W@p.#
** * * ,,, ***
*########Wz.#####
,, #.(...... , , ,,
,* #........,,,, ,
,* #........ ,,
,,,, ,* * ***
#......!. ,, , ,,,
,, ,, ,......... ,
,, , , ......... ,,
, , , ,, , ,
,.....####***** **


You could see a death knight (blind), a skeletal warrior, a freezing wraith, a
troll (blind), an efreet and a wraith.

Vanquished Creatures
  Gastronok (Lair:2)
  Snorg (D:12)
  4 hydras (Lair:5)
  5 two-headed ogres
  A centaur warrior (D:13)
  2 boulder beetles
  The ghost of Verendum the Martial Artist, a novice OpMo of Cheibriados (D:8)
  Urug (D:12)
  4 orc high priests (Orc:2)
  A sun demon (Lair:5)
  Amaemon (Lair:1)
  Pikel (D:7)
  A phantasmal warrior (D:13)
  A wizard (Lair:5)
  8 orc knights
  A lindwurm (Lair:5)
  4 orc sorcerers
  2 ugly things
  An elephant (D:9)
  An oklob plant (Lair:4)
  3 cyclopes
  Joseph (D:7)
  Maurice (D:12)
  6 black mambas
  A manticore (Lair:2)
  A smoke demon (Lair:5)
  2 gargoyles
  5 orange demons
  21 cane toads
  9 rime drakes
  An unseen horror (D:10)
  A kobold demonologist (D:12)
  A freezing wraith (D:13)
  An efreet (D:9)
  12 komodo dragons
  An ice devil (Lair:5)
  8 trolls
  A queen bee (Orc:1)
  A wind drake (Lair:2)
  A queen bee (shapeshifter) (D:12)
  4 dream sheep (Lair:4)
  2 slime creatures (Lair:4)
  A polar bear (Lair:4)
  16 blink frogs
  9 spriggans (D:10)
  4 wraiths
  A shadow (D:10)
  3 wyverns
  84 yaks
  7 basilisks
  A steam dragon (D:8)
  4 nagas (Lair:3)
  4 wargs
  8 vampire mosquitoes
  2 acid dragons
  3 hell hounds (Lair:5)
  11 water moccasins
  28 orc warriors
  A sky beast (D:5)
  Duvessa (D:4)
  An ice beast (D:6)
  4 black bears
  5 ogres
  7 wolves (Lair:3)
  3 centaurs
  2 phantoms
  A lemure (D:7)
  A kobold brigand (D:10)
  7 bullfrogs
  2 necrophages (D:6)
  A scorpion (D:6)
  10 wights
  Dowan (D:4)
  47 killer bees
  An electric eel (Lair:1)
  4 howler monkeys
  5 crimson imps (D:10)
  3 quasits (D:8)
  4 hounds
  3 gnoll boudas
  9 orc priests
  4 jellies
  An iguana (D:6)
  13 orc wizards
  11 hell rats
  15 gnolls
  8 adders
  3 shadow imps
  3 white imps
  4 worms
  6 dart slugs
  80 orcs
  9 ball pythons
  6 endoplasms
  3 giant cockroaches
  11 goblins
  4 hobgoblins
  2 jackals
  4 quokkas
  4 bats
  7 frilled lizards
  5 kobolds
  5 rats
643 creatures vanquished.

Vanquished Creatures (collateral kills)
  A black mamba (Lair:2)
  A water moccasin (Lair:5)
  An orc warrior (Bailey)
  A killer bee (D:9)
  7 orcs
11 creatures vanquished.

Vanquished Creatures (others)
  An orc priest (Orc:2)
  A hell rat (Lair:5)
  10 fungi
  26 plants
38 creatures vanquished.

Grand Total: 692 creatures vanquished

Notes
Turn   | Place    | Note
-------+----------+-------------------------------------------
     0 | D:1      | mitko27butlikefrench the Octopode Brigand began the quest
                  | for the Orb.
     0 | D:1      | Reached XP level 1. HP: 14/14 MP: 1/1
   230 | D:1      | Reached XP level 2. HP: 20/20 MP: 2/2
   575 | D:1      | Found a faded altar of an unknown god.
   894 | D:2      | Reached XP level 3. HP: 25/25 MP: 3/3
   990 | D:2      | Reached skill level 3 in Fighting
  1146 | D:2      | Reached XP level 4. HP: 31/31 MP: 4/4
  2454 | D:2      | Reached XP level 5. HP: 31/37 MP: 5/5
  2483 | D:3      | Reached skill level 4 in Fighting
  2837 | D:3      | Reached XP level 6. HP: 5/45 MP: 6/6
  3025 | D:3      | Reached skill level 5 in Fighting
  3458 | D:3      | Found a basalt altar of Yredelemnul.
  3458 | D:3      | Found a broken altar of Ashenzari.
  3463 | D:3      | Found an ornate altar of the Wu Jian Council.
  3466 | D:3      | Became a worshipper of Ashenzari the Shackled
  3855 | D:4      | Noticed Duvessa
  3855 | D:4      | Noticed Dowan
  3975 | D:3      | Reached skill level 6 in Fighting
  3975 | D:3      | Reached XP level 7. HP: 42/53 MP: 7/7
  4282 | D:4      | Killed Duvessa
  4548 | D:4      | Killed Dowan
  4880 | D:5      | Entered Level 5 of the Dungeon
  4880 | D:5      | Found Zuhoesuism's Weapon Boutique.
  5038 | D:4      | Reached skill level 7 in Fighting
  5090 | D:5      | Reached skill level 5 in Short Blades
  5221 | D:5      | Found Zadixos's General Store.
  5238 | D:5      | Bought a potion of attraction for 45 gold pieces
  5582 | D:5      | Reached XP level 8. HP: 43/60 MP: 8/8
  5685 | D:5      | Found a staircase to the Ecumenical Temple.
  5709 | D:5      | Found Diluimit's Distillery.
  5713 | D:5      | Reached * piety under Ashenzari
  6326 | D:6      | Reached skill level 1 in Shields
  6326 | D:6      | Reached skill level 1 in Summonings
  6860 | D:6      | Reached skill level 8 in Fighting
  6860 | D:6      | Reached skill level 5 in Dodging
  7021 | D:6      | Reached XP level 9. HP: 66/66 MP: 9/9
  7079 | D:6      | Reached ** piety under Ashenzari
  7207 | D:6      | Found Sownul's Distillery.
  7911 | D:7      | Found Wophil's Antique Weapon Shoppe.
  8411 | D:7      | Noticed Joseph
  8436 | D:7      | Killed Joseph
  8437 | D:7      | Reached skill level 9 in Fighting
  8667 | D:7      | Noticed Pikel
  8686 | D:7      | Killed Pikel
  8687 | D:7      | Reached skill level 5 in Shields
  8690 | D:7      | Learned a level 2 spell: Call Imp
  8896 | D:8      | Noticed a two-headed ogre
  8914 | D:8      | Found a flagged portal.
  8921 | Bailey   | Entered a bailey
  8926 | Bailey   | Reached *** piety under Ashenzari
  8937 | Bailey   | Reached XP level 10. HP: 79/79 MP: 10/10
  9073 | Bailey   | Noticed an orc knight
  9126 | Bailey   | Killed an orc knight
  9190 | Bailey   | Noticed an orc knight
  9213 | Bailey   | Killed an orc knight
  9293 | D:8      | Killed a two-headed ogre
  9781 | D:7      | Bought a runed dagger for 130 gold pieces
  9971 | D:8      | Found a transporter.
  9975 | D:8      | Reached XP level 11. HP: 84/84 MP: 11/11
  9988 | D:8      | Noticed Verendum's ghost (novice OpMo)
 10032 | D:8      | Found a transporter.
 10234 | D:8      | Found a shadowy altar of Dithmenos.
 10235 | D:8      | Found a hazy altar of Hepliaklqana.
 10727 | D:9      | Reached **** piety under Ashenzari
 10880 | D:9      | Identified the +1 ring mail of Xogeepn {Int+4}
 10884 | D:9      | Found a staircase to the Lair.
 10951 | D:9      | Reached skill level 1 in Evocations
 10965 | D:9      | Reached skill level 10 in Fighting
 11528 | D:10     | Entered Level 10 of the Dungeon
 11695 | D:10     | Reached skill level 10 in Shields
 11749 | D:10     | Noticed a two-headed ogre
 11788 | D:10     | Killed a two-headed ogre
 11789 | D:10     | Reached skill level 10 in Dodging
 11869 | D:10     | Identified the +0 plate armour "Gyotsaje" {Harm Regen+
                  | Str-2}
 11934 | D:10     | Reached XP level 12. HP: 94/94 MP: 12/12
 12073 | D:10     | Found a staircase to the Orcish Mines.
 12429 | D:9      | Learned a level 3 spell: Mephitic Cloud
 12455 | D:9      | Reached skill level 1 in Poison Magic
 12801 | D:11     | Learned a level 2 spell: Ensorcelled Hibernation
 12959 | D:11     | Reached skill level 1 in Hexes
 13272 | Lair:1   | Entered Level 1 of the Lair of Beasts
 13326 | Lair:1   | Noticed Amaemon
 13342 | Lair:1   | Killed Amaemon
 13398 | Lair:1   | Found a runed translucent door.
 13418 | Lair:1   | Noticed Voxish's ghost (journeyman MeFi)
 13427 | Lair:1   | Noticed a death yak
 13784 | Lair:1   | Reached skill level 1 in Ice Magic
 13813 | Lair:1   | Reached XP level 13. HP: 95/99 MP: 5/13
 14418 | D:8      | Killed Verendum's ghost
 14674 | Lair:2   | Reached skill level 1 in Spellcasting
 14762 | Lair:2   | Noticed Gastronok
 14784 | Lair:2   | Killed Gastronok
 14837 | Lair:2   | Reached ***** piety under Ashenzari
 14950 | Lair:2   | Reached skill level 1 in Conjurations
 15084 | Lair:2   | Found a staircase to the Shoals.
 15710 | Orc:1    | Entered Level 1 of the Orcish Mines
 15911 | Orc:2    | Entered Level 2 of the Orcish Mines
 16746 | Orc:2    | Found a staircase to the Elven Halls.
 17866 | Orc:2    | Reached skill level 11 in Fighting
 18042 | Orc:2    | Reached XP level 14. HP: 83/113 MP: 24/26
 18070 | Orc:2    | Found Wovaeski's Distillery.
 18070 | Orc:2    | Found Wycha's Jewellery Boutique.
 18070 | Orc:2    | Found Heffesmi's Magic Scroll Shoppe.
 18070 | Orc:2    | Found Ablixurph's Weapon Shoppe.
 18177 | Orc:2    | Bought the ring of the Will of the Gods {Will+ rCorr MP+9
                  | Slay+5} for 1006 gold pieces
 18406 | D:12     | Noticed Maurice
 18414 | D:12     | Killed Maurice
 19014 | Lair:3   | Reached skill level 12 in Fighting
 19437 | Lair:3   | Found a staircase to the Snake Pit.
 19828 | Lair:4   | Reached skill level 5 in Spellcasting
 19862 | Lair:4   | Learned a level 1 spell: Apportation
 20035 | Lair:4   | Found a staircase to the Slime Pits.
 20038 | Lair:4   | Found a viscous altar of Jiyva.
 20271 | Lair:4   | Reached skill level 13 in Fighting
 20723 | Lair:5   | Entered Level 5 of the Lair of Beasts
 21007 | Lair:5   | Reached skill level 14 in Fighting
 21007 | Lair:5   | Reached XP level 15. HP: 115/123 MP: 29/29
 21029 | Lair:5   | Learned a level 6 spell: Iron Shot
 21033 | Lair:5   | Identified the +4 sling "Orohako" {speed, Str+2}
 21139 | Lair:5   | Reached skill level 1 in Earth Magic
 22125 | Lair:5   | Reached skill level 15 in Fighting
 22193 | Lair:5   | Found a burning altar of Makhleb.
 22198 | Lair:5   | Found a gateway to Hell.
 22441 | D:13     | Noticed Snorg
 22441 | D:13     | Found a transporter.
 22449 | D:13     | Noticed Urug
 22462 | D:12     | Killed Snorg
 22472 | D:13     | Found a transporter.
 22473 | D:13     | Noticed sanka's ghost (journeyman DgRe)
 22515 | D:12     | Killed Urug
 22760 | D:13     | HP: 3/126 [freezing wraith[a death knight] (6)]
 22760 | D:13     | Demolished by a skeletal warrior

Illustrated notes

Levels and vault maps discovered:
D:1:      evilmike_arrival_come_back, layout_loops_corners,
          shapermc_ecumenical_altar_mp_ritualfount
D:2:      layout_basic, minmay_misc_feat_doors
D:3:      wad_lake_hut, layout_rooms, minitemple, minmay_quantized
D:4:      dreamdust_elfheim, layout_basic, minmay_manual_mail
D:5:      layout_rooms, temple_fountains, serial_shops,
          nicolae_shop_temple_entry_statues_fountains, nicolae_shop_trees, shop
D:6:      layout_layer_cave, serial_shops, nicolae_diamond_shop
D:7:      layout_basic, serial_shops, nicolae_shop_statue_plus, uniq_joseph,
          uniq_pikel
D:8:      layout_cave_pools, riverfiend_overflow_shadow_ancestor,
          enter_bailey_1, gammafunk_ghost_stat_death,
          hangedman_abyss_or_decor_clamps, nicolae_fountain_basement
D:9:      layout_basic, david_lair_generic, serial_rivers,
          chequers_serial_rivers_micro_e, chequers_serial_rivers_small_3,
          chequers_serial_rivers_large_a, chequers_serial_rivers_small_3
D:10:     kb_forest_paths, layout_basic, orc_0_dummy, serial_corexii_hall,
          corexii_hall_statues_l, chequers_hall_statues_y,
          chequers_hall_statues_corner_a, corexii_hall_statues_l,
          minmay_nine_imps
D:11:     layout_roguey, nicolae_elevator_lobby_asterisk
D:12:     layout_big_octagon, uniq_maurice
D:13:     layout_long_grid, gammafunk_ghost_smash, minmay_shop_grid_forest,
          hangedman_corner_corridor, uniq_snorg, uniq_urug
Lair:1:   layout_gridlike, ebering_ghost_inner_flame, amcnicky_mini_pool_medium,
          uniq_amaemon
Lair:2:   layout_roguey, minmay_shoals_entry_beasts, uniq_gastronok
Lair:3:   layout_cellular_growth, minmay_snake_entry_guardpost_small,
          grunt_megastairs_3
Lair:4:   layout_roguey, minmay_slime_entry_pillars, grunt_megastairs_5,
          serial_bayou_shore_a
Lair:5:   evil_forest, layout_cave_pods, grunt_megastairs_1
Orc:1:    layout_diamond_mine, special_room [special_room_bee]
Orc:2:    grunt_orc_tribal_feast, layout_caves, mines1_david

Skill      XL: |  1  2  3  4  5  6  7  8  9 10 11 12 13 14 15 |
---------------+----------------------------------------------+-----
Fighting       | 3 4 6 7 8 9 10 11 14 15 | 15.4
Short Blades   | 3 4 5 6 8 9 |  9.0
Dodging        | 2 6 8 10 12 | 12.5
Shields        | 2 5 8 10 12 13 | 13.5
Summonings     | 1 3 |  3.5
Evocations     | 1 2 3 |  3.3
Poison Magic   | 3 |  3.0
Hexes          | 4 |  4.1
Stealth        | 7 9 |  9.5
Ice Magic      | 1 3 |  3.0
Throwing       | 4 |  4.7
Spellcasting   | 3 5 |  5.6
Conjurations   | 3 |  3.9
Earth Magic    | 4 |  4.5

Action                   |  1- 3 |  4- 6 |  7- 9 | 10-12 | 13-15 || total
-------------------------+-------+-------+-------+-------+-------++-------
Melee: Dagger            |    45 |   123 |   190 |   615 |  1176 ||  2149
       Constrict         |    10 |    24 |    44 |    79 |   175 ||   332
       Tentacles         |     7 |    18 |    51 |   193 |   413 ||   682
       Punch             |     1 |     1 |     3 |    11 |    29 ||    45
Throw: Dart              |     3 |     3 |    41 |    41 |    15 ||   103
       Boomerang         |       |       |       |       |     5 ||     5
 Cast: Call Imp          |       |       |       |    18 |    40 ||    58
       Ensorcelled Hiber |       |       |       |       |     7 ||     7
       Mephitic Cloud    |       |       |       |       |     4 ||     4
Invok: Curse Item        |       |       |     6 |     1 |     5 ||    12
       Shatter the Chain |       |       |       |       |     1 ||     1
Evoke: Wand              |       |       |     1 |     2 |     4 ||     7
       Phial of floods   |       |       |       |       |     1 ||     1
       Tin of tremorston |       |       |       |       |     1 ||     1
  Use: Potion            |       |     1 |     4 |       |       ||     5
       Scroll            |       |     6 |     2 |       |     5 ||    13
 Stab: Sleeping          |    14 |    17 |    10 |    22 |    26 ||    89
       Distracted        |       |     1 |       |     2 |     9 ||    12
       Invisible         |       |       |     1 |     5 |     1 ||     7
       Confused          |       |       |       |       |     7 ||     7
Armor: Skin              |     8 |    10 |     2 |     2 |     9 ||    31
Dodge: Dodged            |    19 |    23 |    78 |   265 |   535 ||   920
Block: Kite shield       |       |    24 |    70 |   281 |   795 ||  1170

Table legend: (Time is in decaauts)
 A = Elapsed time spent in this place.
 B = Non-inter-level travel time spent in this place.
 C = Inter-level travel time spent in this place.
 D = Time resting spent in this place.
 E = Time spent auto-exploring this place.
 F = Levels seen in this place.
 G = Mean time per level.
                   A        B        C        D        E       F      G
               +--------+--------+--------+--------+--------+-----+--------+
         Total |  21718 |  19845 |   1873 |   4488 |   9264 |  21 | 1034.2 |
       Dungeon |  13901 |  12406 |   1495 |   3202 |   5634 |  13 | 1069.3 |
          Lair |   5197 |   4862 |    335 |    558 |   2948 |   5 | 1039.4 |
  Orcish Mines |   2290 |   2248 |     42 |    682 |    622 |   2 | 1145.0 |
        Bailey |    329 |    329 |      0 |     45 |     60 |   1 |  329.0 |
               +--------+--------+--------+--------+--------+-----+--------+

Top non-repeatable levels by time:
     D:2: 1689 daAuts
     D:3: 1626 daAuts
     D:6: 1586 daAuts
   Orc:2: 1486 daAuts
  Lair:5: 1404 daAuts
     D:4: 1393 daAuts
     D:7: 1262 daAuts
    D:10: 1171 daAuts
  Lair:2: 1110 daAuts
     D:8: 1090 daAuts
     D:9: 1050 daAuts
  Lair:1: 1022 daAuts
     D:1: 894 daAuts
  Lair:4: 854 daAuts
     D:5: 808 daAuts
